 Dungeon Crawl Stone Soup version 0.31-a0-859-g9dce7d3444 (webtiles) character file.

Game seed: 16587352819013533091

13803 BinkBink the Nimble (level 11, -5/61 HPs)
             Began as a Deep Elf Brigand on Oct 10, 2023.
             Was a High Priest of Qazlal.
             Killed by vampiric draining
             ... invoked by a vampire
              (11 damage)
             ... on level 12 of the Dungeon.
             The game lasted 00:37:49 (12910 turns).

BinkBink the Nimble (Deep Elf Brigand)             Turns: 12910, Time: 00:37:50

Health: -5/61      AC: 11    Str:  8    XL:     11   Next: 80%
Magic:  21/21      EV: 22    Int: 17    God:    Qazlal [*****.]
Gold:   1136       SH:  7    Dex: 20    Spells: 21/21 levels left

rFire   . . .        i - +6 dagger (venom)
rCold   . . .        (no shield)
rNeg    . . .        o - +2 robe {Will+}
rPois   .            a - +0 helmet
rElec   .            c - +0 cloak
rCorr   .            u - +0 pair of gloves
SInv    .            (no boots)
Will    ++...        (no amulet)
Stlth   +            (no ring)
HPRegen 0.30/turn    (no ring)
MPRegen 0.17/turn

%: repel missiles
@: protected from physical damage, hasted, very quick
A: shaggy fur 1
a: Renounce Religion, Upheaval, Elemental Force, Disaster Area


You were on level 12 of the Dungeon.
You worshipped Qazlal.
Qazlal was extremely pleased with you.
You visited 2 branches of the dungeon, and saw 13 of its levels.
You also visited: Ossuary and Bailey.

You collected 1168 gold pieces.
You spent 32 gold pieces at shops.

Inventory:

Hand Weapons
 i - a +6 dagger of venom (weapon)
 D - a +1 orcbow
 G - a +4 sling of freezing
Missiles
 d - 76 poisoned darts (quivered)
 e - 14 curare-tipped darts
 n - 12 datura-tipped darts
 r - a throwing net
Armour
 a - a +0 helmet (worn)
 c - a +0 cloak (worn)
 o - a +2 robe of willpower (worn)
 u - a +0 pair of gloves (worn)
Jewellery
 z - a ring of magical power
 H - an amulet of magic regeneration
 J - a ring of flight
Wands
 v - a wand of iceblast (4)
 C - a wand of charming (12)
 K - a wand of flame (3)
Scrolls
 f - 2 scrolls of revelation
 g - a scroll of vulnerability
 h - 3 scrolls of amnesia
 l - a scroll of identify
 m - 3 scrolls of poison
 s - 3 scrolls of teleportation
 y - 3 scrolls of fear
 B - a scroll of enchant armour
 E - 2 scrolls of silence
 I - a scroll of summoning
 L - a scroll of immolation
Potions
 b - a potion of cancellation
 j - a potion of magic {unknown}
 k - a potion of berserk rage {unknown}
 p - 2 potions of haste
 q - 2 potions of might {unknown}
 t - 2 potions of lignification
 w - a potion of attraction {unknown}
 x - a potion of invisibility {unknown}
 A - 3 potions of enlightenment
 F - a potion of resistance {unknown}


   Skills:
 - Level 4.2 Fighting
 - Level 8.0 Short Blades
 + Level 14.0 Ranged Weapons
 - Level 2.3 Throwing
 + Level 14.1 Dodging
 - Level 5.1 Stealth
 - Level 5.8 Spellcasting


You had 21 spell levels left.
You didn't know any spells.
Your spell library contained the following spells:

 Spells                   Type           Power      Damage    Failure   Level
 Apportation              Tloc           8%         N/A       13%         1
 Magic Dart               Conj           16%        1d3       13%         1
 Necrotise                Necr           16%        1d4       13%         1
 Summon Small Mammal      Summ           16%        N/A       13%         1
 Call Imp                 Summ           8%         N/A       21%         2
 Momentum Strike          Conj/Tloc      8%         3d8       21%         2
 Scorch                   Fire           8%         2d5       21%         2
 Call Canine Familiar     Summ           4%         N/A       36%         3
 Inner Flame              Hex/Fire       4%         N/A       36%         3
 Mephitic Cloud           Conj/Pois/Air  4%         N/A       36%         3
 Summon Guardian Golem    Hex/Summ       4%         N/A       36%         3
 Volatile Blastmotes      Fire/Tloc      8%         2d10      36%         3
 Flame Wave               Conj/Fire      4%         2d5       78%         4
 Fulminant Prism          Conj/Hex       2%         3d5       78%         4
 Iskenderun's Mystic Bla  Conj/Tloc      4%         2d3       78%         4
 Yara's Violent Unravell  Hex/Tmut       2%         3d3       98%         5
 Dispersal                Tloc           2%         N/A       100%        6
 Summon Cactus Giant      Summ           2%         N/A       100%        6
 Enfeeble                 Hex            2%         N/A       100%        7
 Haunt                    Necr/Summ      2%         N/A       100%        7


Dungeon Overview and Level Annotations

Branches:
Dungeon (12/15)            Temple (0/1) D:5            Lair (0/5) D:9
    Orc (1/2) D:9         Ossuary (visited)          Bailey (visited)

Altars:
Cheibriados
Gozag
Kikubaaqudgha
Qazlal
Zin

Shops:
D:1 *   D:4 ?   D:9 *   D:11 =(!(?

Annotations:
D:3 1 runed translucent door, Crazy Yiuf
D:9 Amaemon


Innate Abilities, Weirdness & Mutations

You are covered in fur. (AC +1)


Message History

Something barely misses you. Something bites you!
Something draws strength from your injuries!
Unknown command.
Your +4 sling of freezing stops glowing.
Your +6 dagger of venom begins to drip with poison!
i - a +6 dagger of venom (weapon)
You hit something but do no damage.
You hear some strange, mumbled words.
Something tries to affect you, but you resist.
You hit something but do no damage. Something closely misses you.
Something bites you.
Something draws strength from your injuries!
You hit something. You puncture something! Something hits you.
Something barely misses you.
You closely miss something. You hit something. Something barely misses you.
Something bites you but does no damage.
You hit something. Your punch misses something. Something barely misses you.
Something bites you.
Something draws strength from your injuries!
You closely miss something. You closely miss something. Something misses you.
You block something's attack.
You hit something. You miss something. Something draws life force from you!
You barely miss something. Your punch misses something.
You block something's attack. x2
You hit something but do no damage. You hit something but do no damage.
Something hits you. Something bites you.
* * * LOW HITPOINT WARNING * * *
Something draws strength from your injuries!
You barely miss something. You closely miss something. Something misses you.
Something bites you.
* * * LOW HITPOINT WARNING * * *
Something draws strength from your injuries!
You barely miss something. Something hits you!
* * * LOW HITPOINT WARNING * * *
You feel protected from physical attacks.
Something barely misses you.
You feel yourself speed up. Something draws life force from you!
You die...

#.# #.# #.# #.#
#.# #.#########
####..ยง.{....#
.#.##......@#
.........##.#
.........##.#
....#.##.##.#
.#..#.##<##.#
........##.#
.....##.##.#
...# #.##.# ##
.....#


There were no monsters in sight!

Vanquished Creatures
  A two-headed ogre (D:11)
  2 boulder beetles (D:11)
  Pikel (D:5)
  An orange demon (D:9)
  A kobold demonologist (D:8)
  A troll (D:10)
  Prince Ribbit (D:8)
  A shadow (D:11)
  3 wraiths
  2 wyverns (D:9)
  17 yaks
  A vampire (D:8)
  Grum (D:8)
  A steam dragon (D:7)
  An acid dragon (D:8)
  2 water moccasins
  9 orc warriors
  An ice beast (D:7)
  An ogre (Orc:1)
  A black bear (D:5)
  4 wolves (D:8)
  6 centaurs
  4 lemures (D:5)
  3 phantoms
  Blork the orc (D:5)
  15 kobold brigands
  A gnoll sergeant (D:11)
  6 bullfrogs
  2 scorpions
  12 wights
  23 killer bees
  4 howler monkeys
  2 jellies
  5 hounds
  4 orc priests
  A sleepcap (D:8)
  4 iguanas
  7 orc wizards
  A mummy (Ossuary)
  5 gnolls
  3 adders
  5 shadow imps
  2 ufetubi
  3 worms
  2 dart slugs
  39 orcs
  2 endoplasms
  2 giant cockroaches
  8 goblins
  8 hobgoblins
  11 jackals
  57 kobolds
  2 quokkas
  7 ball pythons
  3 bats
  2 frilled lizards
  7 gnoll skeletons (Ossuary)
  17 kobold skeletons
  7 kobold zombies (D:8)
  12 orc skeletons (Ossuary)
  3 rats
361 creatures vanquished.

Notes
Turn   | Place    | Note
-------+----------+-------------------------------------------
     0 | D:1      | BinkBink the Deep Elf Brigand began the quest for the Orb.
     0 | D:1      | Reached XP level 1. HP: 12/12 MP: 3/3
    74 | D:1      | Reached skill level 5 in Stealth
    74 | D:1      | Reached XP level 2. HP: 5/17 MP: 4/4
   316 | D:1      | Found Tovel's Assorted Antiques.
   341 | D:1      | Bought a scroll labelled HOFEM ROSUAJ for 32 gold pieces
   482 | D:1      | Reached XP level 3. HP: 21/21 MP: 5/5
   732 | D:2      | Found a stormy altar of Qazlal.
   744 | D:2      | Became a worshipper of Qazlal Stormbringer
  1092 | D:2      | Found a faded altar of an unknown god.
  1296 | D:3      | Reached skill level 1 in Spellcasting
  1331 | D:3      | Reached XP level 4. HP: 26/26 MP: 7/7
  1612 | D:3      | Found a runed translucent door.
  1613 | D:3      | Noticed Crazy Yiuf
  2236 | D:4      | Found Besajo Wyuc's Magic Scroll Boutique.
  2357 | D:4      | Identified the +3 hand axe of Integrity {heavy, rC+}
  2413 | D:4      | Reached * piety under Qazlal
  2534 | D:4      | Reached XP level 5. HP: 14/31 MP: 10/10
  3385 | D:5      | Entered Level 5 of the Dungeon
  3397 | D:5      | Reached XP level 6. HP: 24/36 MP: 12/12
  3755 | D:5      | Noticed Pikel
  3780 | D:5      | Killed Pikel
  3781 | D:5      | Reached skill level 5 in Dodging
  3781 | D:5      | Reached skill level 5 in Spellcasting
  3781 | D:5      | Reached XP level 7. HP: 30/42 MP: 13/16
  4196 | D:5      | Found a staircase to the Ecumenical Temple.
  4283 | D:5      | Reached XP level 8. HP: 48/48 MP: 16/18
  4295 | D:5      | Reached skill level 5 in Short Blades
  4306 | D:5      | Found an ancient bone altar of Kikubaaqudgha.
  4365 | D:5      | Found a snail-covered altar of Cheibriados.
  4400 | D:5      | Found a glowing silver altar of Zin.
  4416 | D:5      | Noticed Blork the orc
  4434 | D:5      | Killed Blork the orc
  4883 | D:5      | Reached skill level 1 in Ranged Weapons
  5165 | D:6      | You fall into a shaft and drop 2 floors!
  5167 | D:8      | Noticed Grum
  5208 | D:8      | Killed Grum
  5479 | D:7      | Reached XP level 9. HP: 50/52 MP: 19/19
  5555 | D:7      | Reached skill level 5 in Ranged Weapons
  5579 | D:7      | Reached ** piety under Qazlal
  5593 | D:7      | Found a sand-covered staircase.
  5598 | Ossuary  | Entered an ossuary
  6434 | D:8      | Reached *** piety under Qazlal
  7245 | D:7      | Reached XP level 10. HP: 43/57 MP: 20/20
  7473 | D:8      | Got a ragged book
  7551 | D:8      | Noticed Prince Ribbit
  7566 | D:8      | Killed Prince Ribbit
  7627 | D:8      | Reached skill level 10 in Dodging
  7833 | D:8      | Reached **** piety under Qazlal
  8233 | D:8      | Noticed an orange demon
  8351 | D:8      | Found an ancient bone altar of Kikubaaqudgha.
  8805 | D:8      | Reached skill level 10 in Ranged Weapons
  9025 | D:9      | Found a staircase to the Orcish Mines.
  9180 | D:9      | Reached ***** piety under Qazlal
  9378 | D:9      | Identified the +1 plate armour of Magic {Int+6 Dex-3}
  9412 | D:9      | Found a flagged portal.
  9418 | Bailey   | Entered a bailey
  9618 | Bailey   | Identified the +7 halberd of the Twisting Vulture {heavy,
                  | rPois}
  9742 | Bailey   | Found a burning altar of Makhleb.
  9806 | D:9      | Identified the +1 chain mail of the Shimmering Gods {rElec
                  | Int+2}
  9852 | D:9      | Reached XP level 11. HP: 48/61 MP: 21/21
 10044 | D:9      | Found an opulent altar of Gozag.
 10044 | D:9      | Found Gozag's Platinum Reserve.
 10137 | D:9      | Noticed Amaemon
 10337 | D:9      | Found a staircase to the Lair.
 10640 | D:10     | Entered Level 10 of the Dungeon
 10658 | Orc:1    | Entered Level 1 of the Orcish Mines
 10778 | D:8      | Gained mutation: You are covered in fur. (AC +1) [potion of
                  | mutation]
 11299 | D:10     | Identified the +8 mace "Nesef" {heavy, +Blink rPois rN+
                  | Str+5}
 11932 | D:11     | Found Ohiluqimi's Magic Scroll Shop.
 12019 | D:11     | Found Hauh's Antique Weapon Boutique.
 12204 | D:11     | Noticed a boulder beetle
 12227 | D:11     | Killed a boulder beetle
 12308 | D:11     | Found Bygiaturr's Distillery.
 12378 | D:11     | Noticed a two-headed ogre
 12383 | D:11     | Killed a two-headed ogre
 12403 | D:11     | Found Neno's Jewellery Shoppe.
 12421 | D:11     | Found Teplagre's Weapon Emporium.
 12579 | D:11     | Noticed a boulder beetle
 12596 | D:11     | Killed a boulder beetle
 12910 | D:12     | Killed from afar by a vampire

Illustrated notes

Levels and vault maps discovered:
D:1:      spicycebolla_arrival_clurvy, layout_basic, serial_shops,
          nicolae_shop_hallway_stairs, hex_large
D:2:      layout_basic, ebering_ecumenical_altar_petrified, basic_altar,
          nicolae_kite_square_tiling_tiny, nicolae_figureground_pulse
D:3:      layout_basic, uniq_crazy_yiuf_cottage
D:4:      layout_layer_cave, serial_shops, shop
D:5:      layout_loops_cross, mainiacjoe_overflow_two_lobes,
          general_overflow_altar, minmay_temple_entry_fiery, uniq_pikel,
          uniq_blork_the_orc
D:6:      layout_cave_pools
D:7:      layout_basic, nicolae_ossuary_entry_ruins
D:8:      wander_kiku_kobolds, layout_basic, minmay_misc_feat_more_columns,
          kennysheep_generic_room_11, uniq_grum, uniq_prince_ribbit1
D:9:      layout_roguey, nicolae_gozag_zags_fifth_avenue, lair_entry_dummy,
          david_orc_2, enter_bailey_2, hangedman_abyss_or_decor_slice,
          uniq_amaemon
D:10:     layout_basic
D:11:     layout_roguey, serial_shops, nicolae_lakefront_shop, shop,
          nicolae_shop_advertising_works [nicolae_subvault_shop_adworks],
          nicolae_shop_peninsula, shop
D:12:     layout_basic, muffindrake_ghost_dual_entry, uniq_jorgrun, uniq_psyche,
          uniq_maurice
Orc:1:    layout_diamond_mine, david_defended_altar_orc

Skill      XL: |  1  2  3  4  5  6  7  8  9 10 11 |
---------------+----------------------------------+-----
Stealth        | 5 |  5.1
Dodging        | 2 3 5 7 9 12 14 | 14.1
Fighting       | 2 3 4 |  4.2
Spellcasting   | 1 2 3 5 |  5.8
Short Blades   | 3 4 6 8 |  8.0
Ranged Weapons | 4 8 11 14 | 14.0
Throwing       | |  2.3

Action                     |  1- 3 |  4- 6 |  7- 9 | 10-12 || total
---------------------------+-------+-------+-------+-------++-------
  Melee: Dagger            |   124 |   150 |   266 |   469 ||  1009
         Punch             |       |     1 |     4 |     3 ||     8
   Fire: Sling             |       |       |     4 |   158 ||   162
         Orcbow            |       |       |   138 |   274 ||   412
  Throw: Dart              |       |       |       |     2 ||     2
    Use: Scroll            |     2 |     6 |    14 |     7 ||    29
         Potion            |       |       |     4 |    10 ||    14
   Stab: Sleeping          |     6 |     7 |       |       ||    13
 Armour: Robe              |    57 |    52 |   107 |   146 ||   362
         Skin              |       |       |       |    11 ||    11
  Dodge: Dodged            |   126 |    79 |   187 |   328 ||   720
         Repelled          |       |       |       |     1 ||     1
  Block: Other             |       |     3 |    17 |   101 ||   121

Table legend: (Time is in decaauts)
 A = Elapsed time spent in this place.
 B = Non-inter-level travel time spent in this place.
 C = Inter-level travel time spent in this place.
 D = Time resting spent in this place.
 E = Time spent auto-exploring this place.
 F = Levels seen in this place.
 G = Mean time per level.
                   A        B        C        D        E       F      G
               +--------+--------+--------+--------+--------+-----+--------+
         Total |  12607 |  11790 |    817 |   1665 |   6974 |  15 |  840.5 |
       Dungeon |  11875 |  11058 |    817 |   1602 |   6867 |  12 |  989.6 |
  Orcish Mines |     85 |     85 |      0 |      2 |      0 |   1 |   85.0 |
       Ossuary |    287 |    287 |      0 |      6 |      5 |   1 |  287.0 |
        Bailey |    359 |    359 |      0 |     55 |    102 |   1 |  359.0 |
               +--------+--------+--------+--------+--------+-----+--------+

Top non-repeatable levels by time:
     D:8: 2192 daAuts
     D:5: 1484 daAuts
     D:4: 1231 daAuts
     D:9: 1176 daAuts
     D:3: 969 daAuts
    D:10: 952 daAuts
    D:11: 883 daAuts
     D:7: 849 daAuts
     D:6: 790 daAuts
     D:2: 704 daAuts
     D:1: 600 daAuts
  Bailey: 359 daAuts
 Ossuary: 287 daAuts
   Orc:1: 85 daAuts
    D:12: 38 daAuts
